 Dungeon Crawl Stone Soup version 0.20.0-15-g7f486f2 (webtiles) character file.

32 sagitran the Skirmisher (level 3, 0/28 HPs)
             Began as a Demonspawn Wanderer on June 10, 2017.
             Slain by a rat (2 damage)
             ... on level 1 of the Dungeon.
             The game lasted 00:13:44 (478 turns).

sagitran the Skirmisher (Demonspawn Wanderer)        Turns: 478, Time: 00:13:44

Health: 0/28       AC:  2    Str: 11    XL:     3   Next: 10%
Magic:  2/4        EV: 12    Int: 14    God:
Gold:   35         SH:  3    Dex: 13    Spells: 1/4 levels left

rFire    . . .     SeeInvis .   b - +0 short sword
rCold    . . .     Gourm    .   (no shield)
rNeg     . . .     Faith    .   d - +0 robe
rPois    .         Spirit   .   (helmet restricted)
rElec    .         Reflect  +   k - scarf {repulsion}
rCorr    .         Harm     .   (no gloves)
MR       .....                  (no boots)
Stlth    ++........             l - +3 amulet of reflection
Regen    0.1/turn               (no ring)
MPRegen  0.1/turn               (no ring)

@: very slightly contaminated, repel missiles
A: antennae 1, powered by death 1
a: no special abilities


You were on level 1 of the Dungeon.
You were not hungry.

You visited 1 branch of the dungeon, and saw 1 of its levels.

You collected 35 gold pieces.

Inventory:

Hand Weapons
 b - a +0 short sword (weapon)
Missiles
 e - 23 sling bullets
Armour
 d - a +0 robe (worn)
 k - a scarf of repulsion (worn)
Jewellery
 l - a +3 amulet of reflection (around neck)
Wands
 c - a wand of random effects (15/48)
Scrolls
 h - 3 scrolls of identify {unknown}
 i - a scroll of remove curse {unknown}
Potions
 j - a potion of degeneration {unknown}
Books
 a - a book of Minor Magic

   Spells                             Type                      Level
   a - Magic Dart                     Conjuration                  1
   b - Blink                          Translocation                2
   c - Call Imp                       Summoning                    2
   d - Slow                           Hexes                        2
   e - Conjure Flame                  Conjuration/Fire             3
   f - Mephitic Cloud                 Conjuration/Poison/Air       3
Comestibles
 f - a bread ration
 g - a meat ration


   Skills:
 + Level 2.8 Fighting
 + Level 1.5 Short Blades
 + Level 1.0 Throwing
 + Level 1.3 Dodging
 + Level 1.2 Stealth
 + Level 1.0 Spellcasting
 + Level 1.0 Summonings
   Level 1.0 Poison Magic
 + Level 1.1 Evocations


You had one spell level left.
You knew the following spells:

 Your Spells              Type           Power        Failure   Level  Hunger
a - Magic Dart            Conj           #...         26%         1    ##.....
b - Call Imp              Summ           #.......     26%         2    ###....


Dungeon Overview and Level Annotations

Branches:
Dungeon (1/15)

Altars:


Innate Abilities, Weirdness & Mutations

You have a pair of small antennae on your head.
You regenerate a little health from kills.


Message History

The ball python constricts you. The rat barely misses you.
Cast which spell? (? or * to list)
You miscast Call Imp.
You are very lightly contaminated with residual magic.
A fistful of eyes flickers past your view.
You block the bat's attack. The ball python bites you.
* * * LOW HITPOINT WARNING * * *
The ball python constricts you. The rat barely misses you.
You escape the ball python's grasp.
You closely miss the bat. The bat hits you but does no damage.
The ball python bites you.
* * * LOW HITPOINT WARNING * * *
The ball python grabs you.
* * * LOW HITPOINT WARNING * * *
The ball python constricts you. The rat bites you.
* * * LOW HITPOINT WARNING * * *
You escape the ball python's grasp.
The bat hits you.
* * * LOW HITPOINT WARNING * * *
The rat bites you.
You die...

###### ....# ...# ###..#
?.#!#(#..### ##########
#r.......[.# #........#
.S..##.@..#####........#
#
r...#.r.(...##........#
#.
..##bS.....##........#
##..
#.$#..#######...(....#
....#####.##..#
#........#
........).{...#
#........# #.
..###.....#.#.#
##........# ..
#.....#...# ##.........#
.....# #.##..##..#
#....#######


You could see a bat, a ball python and 2 rats.

Vanquished Creatures
  An ooze (D:1)
  2 dart slugs (D:1)
  3 leopard geckos (D:1)
  2 giant cockroaches (D:1)
  2 hobgoblins (D:1)
  A ball python (D:1)
  2 bats (D:1)
  4 frilled lizards (D:1)
  3 goblins (D:1)
  3 rats (D:1)
23 creatures vanquished.

Notes
Turn   | Place    | Note
-------+----------+-------------------------------------------
     0 | D:1      | sagitran the Demonspawn Wanderer began the quest for the Orb.
     0 | D:1      | sagitran set off with: a book of Minor Magic, a +0 short sword, a wand of random effects (15/48), a +0 robe, a bread ration
     0 | D:1      | Reached XP level 1. HP: 16/16 MP: 2/2
     2 | D:1      | Learned a level 1 spell: Magic Dart
    81 | D:1      | Gained mutation: You regenerate a little health from kills. [demonic ancestry]
    81 | D:1      | Reached XP level 2. HP: 13/23 MP: 3/3
   394 | D:1      | Gained mutation: You have a pair of small antennae on your head. [demonic ancestry]
   394 | D:1      | Reached XP level 3. HP: 4/28 MP: 4/4
   398 | D:1      | Learned a level 2 spell: Call Imp
   478 | D:1      | Slain by a rat

Action                   || total
-------------------------++-------
Melee: Short sword       ||    92
  Use: Scroll            ||     1
 Stab: Sleeping          ||     1
Armor: Robe              ||    24
Dodge: Dodged            ||    85
Block: Other             ||     4
